 Dungeon Crawl Stone Soup version 0.24.1-14-gf8d2b509d9 (webtiles) character file.

Game seed: 1222847624668740116, levelgen mode: deterministic

33 mortelune the Insei (level 3, 0/23 HPs)
             Began as an Octopode Transmuter on May 17, 2020.
             Slain by a jackal (3 damage)
             ... on level 1 of the Dungeon.
             The game lasted 00:00:47 (460 turns).

mortelune the Insei (Octopode Transmuter)            Turns: 460, Time: 00:00:48

Health: 0/23       AC:  1    Str:  9    XL:     3   Next: 29%
Magic:  2/6        EV: 13    Int: 16    God:
Gold:   56         SH:  0    Dex: 12    Spells: 4/7 levels left

rFire    . . .     SeeInvis .     - Unarmed
rCold    . . .     Gourm    .   (no shield)
rNeg     . . .     Faith    .   (helmet restricted)
rPois    .         Spirit   .   (no amulet)
rElec    .         Reflect  .   (no ring)
rCorr    .         Harm     .   (no ring)
MR       .....                  (no ring)
Stlth    ++........             (no ring)
HPRegen  0.07/turn              (no ring)
MPRegen  0.10/turn              (no ring)
                                (no ring)
                                (no ring)

@: appendage (expiring)
A: almost no armour, stealthy swim, amphibious, 8 rings, constrict 8, tentacle
spike 3, camouflage 1, gelatinous body 1
a: End Transformation


You were on level 1 of the Dungeon.
You were not hungry.
One of your tentacles had a temporary spike.
You visited 1 branch of the dungeon, and saw 1 of its levels.

You collected 56 gold pieces.

Inventory:

Missiles
 Q - 10 arrows
Scrolls
 d - 3 scrolls of teleportation {unknown}
 e - a scroll of immolation {unknown}
 g - 2 scrolls of remove curse {unknown}
Potions
 b - a potion of resistance {unknown}
 f - a potion of curing {unknown}
Comestibles
 a - 17 chunks of flesh
 c - 3 rations


   Skills:
 + Level 1.4 Fighting
 - Level 2.0 Dodging
 + Level 3.2 Unarmed Combat
 * Level 2.5 Spellcasting
 * Level 2.6 Transmutations


You had 4 spell levels left.
You knew the following spells:

 Your Spells              Type           Power        Failure   Level  Hunger
a - Beastly Appendage     Tmut           ##....       7%          1    #......
b - Sticks to Snakes      Tmut           ##......     11%         2    ##.....

Your spell library contained the following spells:

 Spells                   Type           Power        Failure   Level  Hunger
 Spider Form              Tmut/Pois      #.........   34%         3    ###....
 Ice Form                 Ice/Tmut       #.......     75%         4    #####..
 Blade Hands              Tmut           ##........   88%         5    ######.


Dungeon Overview and Level Annotations

Branches:
Dungeon (1/15)

Altars:


Innate Abilities, Weirdness & Mutations

You cannot wear most types of armour.
You are very stealthy in the water. (Stealth+)
You are amphibious.
You can wear up to eight rings at the same time.
You can use your tentacles to constrict eight enemies at once.
Your skin changes colour to match your surroundings (Stealth+).
Your rubbery body absorbs attacks. (AC +1, EV +1)
One of your tentacles bears a large vicious spike.


Message History

Your ball python bites the jackal but does no damage.
You barely miss the jackal.
The jackal is lightly wounded.
You constrict the jackal, but do no damage.
The jackal misses you. The jackal barely misses you.
Your ball python bites the jackal but does no damage.
The jackal completely misses you. The jackal barely misses you.
You tentacle-slap the jackal.
Your tentacle spike misses the jackal.
The jackal is severely wounded.
You constrict the jackal.
Your ball python bites the jackal but does no damage.
The jackal bites you.
* * * LOW HITPOINT WARNING * * *
The jackal closely misses you.
Your ball python bites the jackal but does no damage.
You strike the helpless jackal from behind!
You tentacle-slap the jackal.
You kill the jackal!
The jackal bites you.
You die...

##....# #............
##..#..# ####+#+#.....
#..##.)########.#.#.....
##.#.#.†.....÷...........
#..##÷...#######+#+##.(..
#..#.....# #......)÷...
#........# #......##..#
#.....##+#####......+....
######..@....#......###..
#.S†h...#......# ##.
#.......######## #.
###'##### #. #...†....#
#. #........+ #.
#........# #. #........#
#. #........# #.


You could see a jackal and a friendly ball python.

Vanquished Creatures
  A gnoll (D:1)
  4 bats (D:1)
  4 goblins (D:1)
  4 hobgoblins (D:1)
  3 jackals (D:1)
  A ball python (D:1)
  3 kobolds (D:1)
  3 rats (D:1)
23 creatures vanquished.

Notes
Turn   | Place    | Note
-------+----------+-------------------------------------------
     0 | D:1      | mortelune the Octopode Transmuter began the quest for the
                  | Orb.
     0 | D:1      | Reached XP level 1. HP: 13/13 MP: 3/3
   230 | D:1      | Reached XP level 2. HP: 18/18 MP: 5/5
   344 | D:1      | Learned a level 2 spell: Sticks to Snakes
   414 | D:1      | Reached XP level 3. HP: 23/23 MP: 6/6
   460 | D:1      | Slain by a jackal

Levels and vault maps discovered:
D:1:      dpeg_arrival_oval, layout_basic, minmay_tetromino_t2

Action                   || total
-------------------------++-------
Melee: Unarmed           ||    41
       Constrict         ||    10
       Tentacles         ||     9
 Cast: Sticks to Snakes  ||     2
       Beastly Appendage ||     1
 Stab: Sleeping          ||     4
       Distracted        ||     1
Armor: Skin              ||     3
Dodge: Dodged            ||    39
